 Dungeon Crawl Stone Soup version 0.19.5 (webtiles) character file.

121 Grimoiregrey the Chopper (level 5, 0/46 HPs)
             Began as a Hill Orc Fighter on Jan 18, 2018.
             Killed by divine providence
             ... invoked by an orc priest
              (14 damage)
             ... on level 4 of the Dungeon.
             The game lasted 00:16:32 (2034 turns).

Grimoiregrey the Chopper (Hill Orc Fighter)         Turns: 2034, Time: 00:16:32

Health: 0/46       AC:  9    Str: 19    XL:     5   Next: 5%
Magic:  5/5        EV:  7    Int:  8    God:
Gold:   207        SH:  9    Dex: 11    Spells: 0 memorised, 4 levels left

rFire  . . .     SeeInvis .     a - +1 war axe
rCold  . . .     Gourm    .     b - +0 scale mail
rNeg   . . .     Faith    .     c - +0 shield
rPois  +         Spirit   .     e - +1 helmet
rElec  .         Reflect  .     (no cloak)
rCorr  .         Harm     .     (no gloves)
MR     .....                    (no boots)
Stlth  ..........               (no amulet)
                                (no ring)
                                r - ring of poison resistance

@: starving
A: no striking features
a: Convert to Beogh


You were on level 4 of the Dungeon.
You were starving.

You visited 1 branch of the dungeon, and saw 4 of its levels.

You collected 207 gold pieces.

Inventory:

Hand Weapons
 a - a +1 war axe (weapon)
 n - a +0 mace
Armour
 b - a +0 scale mail (worn)
 c - a +0 shield (worn)
 e - a +1 helmet (worn)
Jewellery
 r - a ring of poison resistance (left hand)
Scrolls
 j - a scroll of fog
 k - 4 scrolls of teleportation
Potions
 d - 2 potions of might
 h - 3 potions of resistance {unknown}
 i - a potion of berserk rage {unknown}
 o - a potion of mutation {unknown}
 p - a potion of flight {unknown}
 s - a potion of magic {unknown}
Comestibles
 f - 4 bread rations
 g - 3 meat rations
 l - 12 fruits
 m - 2 slices of pizza


   Skills:
 + Level 4.2 Fighting
 + Level 4.5 Axes
 + Level 3.8 Armour
 + Level 0.8 Dodging
 + Level 4.0 Shields


You had 4 spell levels left.
You didn't know any spells.

Dungeon Overview and Level Annotations

Branches:
Dungeon (4/15)
 Temple: D:4-7

Altars:
Fedhas


Message History

The orc priest invokes the aid of Beogh against you.
You barely resist. The orc wizard casts a spell at you.
The puff of flame hits you!
* * * LOW HITPOINT WARNING * * *
The orc priest hits you but does no damage.
You feel less confused. The giant cockroach closely misses you.
The orc priest shouts, "Beogh is our master!
Accept the truth or die!"
You hit the giant cockroach.
You kill the giant cockroach!
You barely miss the orc wizard.
The orc priest shouts, "Join the one true god or die!"
The orc wizard barely misses you.
You closely miss the orc wizard. The orc wizard closely misses you.
Your shield and scale mail prevent you from hitting the orc wizard.
The orc wizard hits you but does no damage.
The orc priest mumbles some strange prayers to Beogh against you.
Beogh smites you!
You die...

#.'...# ##...
#.#...######....
#.#...........##
#.#.............
#.#....##..#.###
#.#.#..#...[...#
#...............
####..........#.#..
#.@oo......>.......
#.##o..............
#. ##..†......## #.
#..).>.#### ##
#....#.# #........
......##.#
.#.....<..#
#.#.....## #


You could see an orc priest, an orc wizard and an orc.

Vanquished Creatures
  Robin (D:2)
  4 adders
  A dart slug (D:3)
  2 leopard geckos (D:2)
  4 orcs
  5 giant cockroaches
  8 goblins
  6 hobgoblins
  14 jackals
  A ball python (D:1)
  3 bats
  2 frilled lizards
  5 kobolds
  6 rats
62 creatures vanquished.

Notes
Turn   | Place    | Note
-------+----------+-------------------------------------------
     0 | D:1      | Grimoiregrey the Hill Orc Fighter began the quest for the Orb.
     0 | D:1      | Reached XP level 1. HP: 19/19 MP: 1/1
   183 | D:1      | Reached XP level 2. HP: 25/27 MP: 2/2
   656 | D:2      | Reached XP level 3. HP: 33/33 MP: 3/3
   939 | D:2      | Noticed Robin
   952 | D:2      | Killed Robin
   958 | D:2      | Reached XP level 4. HP: 35/40 MP: 4/4
  1005 | D:2      | Found a blossoming altar of Fedhas.
  1990 | D:4      | Reached XP level 5. HP: 45/46 MP: 5/5
  2034 | D:4      | Killed from afar by an orc priest

Skill      XL: |  1  2  3  4 |
---------------+-------------+-----
Axes           | 3 4 |  4.5
Fighting       | 4 |  4.2
Shields        | 4 |  4.0
Armour         | |  3.8
Dodging        | |  0.8

Action                   |  1- 3 |  4- 6 || total
-------------------------+-------+-------++-------
Melee: War axe           |    71 |   106 ||   177
  Use: Scroll            |     8 |     5 ||    13
  Eat: Pizza             |       |     1 ||     1
Armor: Scale mail        |    38 |    72 ||   110
Dodge: Dodged            |    30 |    36 ||    66
Block: Shield            |    44 |    61 ||   105
